 Dungeon Crawl Stone Soup version 0.29-a0-495-g17b79114eb (webtiles) character file.

Game seed: 13560298144463092573

788 happo123 the Vexing (level 7, -3/40 HPs)
             Began as a Vampire Enchanter on May 28, 2022.
             Was an Initiate of Gozag.
             Slain by a lemure (7 damage)
             ... led by Pikel
             ... on level 5 of the Dungeon.
             The game lasted 00:25:53 (5158 turns).

happo123 the Vexing (Vampire Enchanter)             Turns: 5158, Time: 00:25:54

Health: -3/40      AC:  3    Str:  7    XL:     7   Next: 56%
Magic:  2/12       EV: 13    Int: 18    God:    Gozag
Gold:   389        SH:  0    Dex: 14    Spells: 1/12 levels left

rFire   . . .      SeeInvis +   y - +1 dagger (vamp)
rCold   + + .      Faith    .   (no shield)
rNeg    + + +      Spirit   .   b - +0 robe
rPois   ∞          Reflect  .   (no helmet)
rElec   .          Harm     .   u - +0 cloak
rCorr   .          Rampage  .   (no gloves)
Will    .....                   (no boots)
Stlth   +++++.....              (no amulet)
HPRegen 0.00/turn               (no ring)
MPRegen 0.13/turn               (no ring)

@: bloodless, inhibited regen
A: bloodless, fangs 3, see invisible, vampiric 2, dopey 1, screaming 1
a: Bat Form, Revivify, Renounce Religion, Potion Petition, Call Merchant, Bribe
Branch


You were on level 5 of the Dungeon.
You worshipped Gozag.
Gozag was aware of your devotion.
You visited 2 branches of the dungeon, and saw 6 of its levels.

You collected 448 gold pieces.
You paid 59 gold pieces to Gozag.

Inventory:

Hand Weapons
 a - a +1 dagger
 v - the +7 mace of Patience {antimagic, Contam rF+++ Int+6 Dex+2}
   (You found it on level 3 of the Dungeon)

   It reduces the magical energy of the wielder, and disrupts the spells and
   magical abilities of those it strikes.
   Natural abilities and divine invocations are not affected.
   Int:       It affects your intelligence (+6).
   Dex:       It affects your dexterity (+2).
   rF:        It renders you almost immune to fire.
   Contam:    It causes magical contamination when unequipped.
 y - a +1 vampiric dagger (weapon)
Armour
 b - a +0 robe (worn)
 m - a scarf of resistance
 p - the +2 ring mail "Tul Enguliown" {Harm Drain rC++ Dex+4}
   (You found it on level 3 of the Dungeon)

   Dex:       It affects your dexterity (+4).
   rC:        It greatly protects you from cold.
   Drain:     It drains your maximum health when unequipped.
   Harm:      It increases damage dealt and taken.
 u - a +0 cloak (worn)
Magical Staves
 e - a staff of cold
Jewellery
 A - a +6 ring of strength
Wands
 w - a wand of mindburst (14)
Scrolls
 f - 2 scrolls of summoning {unknown}
 g - a scroll of enchant weapon {unknown}
 i - 2 scrolls of blinking {unknown}
 j - 6 scrolls of identify {unknown}
 n - 2 scrolls of torment {unknown}
 o - a scroll of fear {unknown}
 q - 3 scrolls of immolation {unknown}
 r - a scroll of poison {unknown}
 t - a scroll of enchant armour {unknown}
Potions
 c - 2 potions of invisibility
 d - 2 potions of might {unknown}
 h - a potion of ambrosia {unknown}
 k - a potion of curing {unknown}
 l - a potion of degeneration {unknown}
 s - 2 potions of resistance {unknown}
 x - 3 potions of mutation {unknown}
 z - a potion of berserk rage {unknown}


   Skills:
 + Level 2.2 Fighting
 + Level 3.7 Short Blades
 + Level 4.0 Dodging
 + Level 6.9 Stealth
 + Level 3.4 Spellcasting
 * Level 7.7 Hexes


You had one spell level left.
You knew the following spells:

 Your Spells              Type           Power      Damage    Failure   Level
a - Ensorcelled Hibernat  Hex/Ice        34%        N/A       4%          2
b - Tukima's Dance        Hex            31%        N/A       1%          3
c - Confusing Touch       Hex            31%        N/A       1%          3
d - Dazzling Flash        Conj/Hex       34%        N/A       10%         3

Your spell library contained the following spells:

 Spells                   Type           Power      Damage    Failure   Level
 Shock                    Conj/Air       12%        1d3       16%         1
 Sting                    Tmut/Pois      12%        1d3       16%         1
 Poisonous Vapours        Pois/Air       6%         N/A       24%         2
 Swiftness                Air            3%         N/A       43%         3
 Yara's Violent Unravell  Hex/Tmut       8%         3d5       65%         5
 Airstrike                Air            1%         N/A       83%         4
 Olgreb's Toxic Radiance  Pois           3%         N/A       83%         4
 Enfeeble                 Hex            15%        N/A       99%         7


Dungeon Overview and Level Annotations

Branches:
Dungeon (5/15)             Temple (1/1) D:4

Altars:
Cheibriados
Dithmenos
Elyvilon
Fedhas
Gozag
Hepliaklqana
Kikubaaqudgha
Nemelex Xobeh
Okawaru
Qazlal
Ru
Trog
Uskayaw
Xom
Yredelemnul
The Shining One

Annotations:
D:5 Pikel


Innate Abilities, Weirdness & Mutations

You do not regenerate when monsters are visible.
You are frail without blood (-20% HP).
You can heal yourself when you bite living creatures.
You are immune to poison.
You have razor-sharp teeth.
You have supernaturally acute eyesight. (SInv)
You are afflicted with vampirism and can become a bat while bloodless.
You are dopey. (Int -2)
You occasionally shout uncontrollably at your foes.


Message History

The lemure is lightly wounded.
The lemure hits you.
Aiming: Ensorcelled Hibernation (safe; 4% risk of failure)
Press: ? - help, Q - select action, (/) - cycle Shift-Dir - straight line, f - lemure, p - lemure
Aim: a lemure (chance to affect: 50%)
The lemure looks drowsy...
The lemure misses you.
The helpless lemure fails to defend itself.
You skewer the lemure like a kebab!!!
You kill the lemure!
That felt strangely unrewarding.
The lemure hits you.
Aiming: Ensorcelled Hibernation (safe; 4% risk of failure)
Press: ? - help, Q - select action, (/) - cycle Shift-Dir - straight line, f - Pikel
Aim: Pikel, wielding a +1 whip of flaming and wearing a +0 robe (chance to affect: 50%) Pikel resists with some effort.
The lemure hits you.
Pikel says, "You'll feel the lick of my whip!"
Pikel closely misses you.
Aiming: Ensorcelled Hibernation (safe; 4% risk of failure)
Press: ? - help, Q - select action, (/) - cycle Shift-Dir - straight line, f/p - Pikel
Aim: Pikel, wielding a +1 whip of flaming and wearing a +0 robe (chance to affect: 50%) Pikel resists with some effort.
The lemure hits you. Pikel misses you.
You hit Pikel but do no damage.
Pikel hits you with a +1 whip of flaming.
Pikel burns you. The lemure hits you.
You barely miss Pikel.
Pikel hits you with a +1 whip of flaming.
Pikel burns you.
* * * LOW HITPOINT WARNING * * *
The lemure hits you.
* * * LOW HITPOINT WARNING * * *
You hit Pikel but do no damage.
Pikel hits you with a +1 whip of flaming.
* * * LOW HITPOINT WARNING * * *
Pikel burns you.
* * * LOW HITPOINT WARNING * * *
The lemure hits you!
You die...
Your body crumbles into a pile of gold.

#
#..............#
#
#.[............#
#
#..............#
#
#..............#
##..............#
................#
................#
................#
.......)......@5#
..####+######+#K#
#...# ##..# 5...
#.#.# K.#..
#..##. ... .


You could see Pikel and a lemure.

Vanquished Creatures
  Eustachio (D:5)
  An ogre (D:4)
  3 lemures (D:5)
  A scorpion (D:3)
  2 hounds (D:4)
  Crazy Yiuf (D:3)
  3 orc priests
  Ijyb (D:4)
  Natasha (twice) (D:3)
  2 iguanas (D:4)
  2 orc wizards (D:5)
  6 adders
  A white imp (D:5)
  3 worms
  20 orcs
  2 endoplasms
  A goblin (D:2)
  6 hobgoblins
  6 jackals
  2 quokkas
  4 ball pythons
  4 bats
  5 frilled lizards (D:1)
  7 kobolds
  2 rats
88 creatures vanquished.

Notes
Turn   | Place    | Note
-------+----------+-------------------------------------------
     0 | D:1      | happo123 the Vampire Enchanter began the quest for the Orb.
     0 | D:1      | Reached XP level 1. HP: 13/13 MP: 3/3
   456 | D:1      | Reached XP level 2. HP: 19/19 MP: 5/5
   459 | D:1      | Learned a level 2 spell: Ensorcelled Hibernation
  1063 | D:2      | Found a faded altar of an unknown god.
  1119 | D:2      | Gained mutation: You are afflicted with vampirism and can
                  | become a bat while bloodless. [Vampire growth]
  1119 | D:2      | Reached XP level 3. HP: 19/19 MP: 1/6
  1573 | D:2      | Reached skill level 5 in Stealth
  1573 | D:2      | Reached skill level 5 in Hexes
  1853 | D:3      | Reached XP level 4. HP: 24/24 MP: 7/7
  1864 | D:3      | Learned a level 3 spell: Tukima's Dance
  1868 | D:3      | Learned a level 3 spell: Confusing Touch
  1922 | D:3      | Identified the +2 ring mail "Tul Enguliown" {Harm Drain
                  | rC++ Dex+4}
  1979 | D:3      | Noticed Natasha
  1988 | D:3      | Killed Natasha
  2108 | D:3      | Reached XP level 5. HP: 18/28 MP: 2/8
  2384 | D:3      | Found a shimmering altar of Xom.
  2385 | D:3      | Found a hide-covered altar of Uskayaw.
  2390 | D:3      | Found a hazy altar of Hepliaklqana.
  2526 | D:3      | Reached skill level 1 in Fighting
  2537 | D:3      | Found a runed translucent door.
  2538 | D:3      | Noticed Crazy Yiuf
  2553 | D:3      | Killed Crazy Yiuf
  2554 | D:3      | Reached skill level 6 in Hexes
  2557 | D:3      | Identified the +7 mace of Patience {antimagic, Contam rF+++
                  | Int+6 Dex+2}
  2874 | D:3      | Noticed Natasha
  2887 | D:3      | Killed Natasha
  2933 | D:3      | Gained mutation: You have hidden genetic defects.
                  | [mutagenic glow]
  3170 | D:4      | Reached XP level 6. HP: 34/34 MP: 10/10
  3193 | D:4      | Gained mutation: You are dopey. (Int -2) [hidden defects]
  3225 | D:4      | Noticed Ijyb
  3232 | D:4      | Killed Ijyb
  3277 | D:4      | Gained mutation: You occasionally shout uncontrollably at
                  | your foes. [hidden defects]
  3277 | D:4      | Lost mutation: You have hidden genetic defects. [hidden
                  | defects expressed]
  3285 | D:4      | Learned a level 3 spell: Dazzling Flash
  3315 | D:4      | Found a staircase to the Ecumenical Temple.
  3325 | Temple   | Entered the Ecumenical Temple
  3770 | Temple   | Became a worshipper of Gozag Ym Sagoz the Greedy
  4289 | D:4      | Reached skill level 7 in Hexes
  4316 | D:4      | Reached XP level 7. HP: 34/39 MP: 0/11
  4586 | D:5      | Entered Level 5 of the Dungeon
  4885 | D:5      | Noticed Eustachio
  4908 | D:5      | Killed Eustachio
  5147 | D:5      | Noticed Pikel
  5158 | D:5      | Slain by a lemure

Illustrated notes

Levels and vault maps discovered:
D:1:      eino_arrival_tree_alley, layout_rooms, serial_co_window_serial,
          co_window_of_opportunity_a, co_window_paths_a, co_window_corner_a,
          co_window_paths_a, co_window_of_opportunity_a, co_window_broadway_a,
          co_window_unsneaky_path_a, co_window_corner_cb, co_window_paths_e,
          co_window_4corner_a, glass_columns_b, glass_columns_c,
          glass_columns_b, glass_columns_c, minmay_pentomino_o4
D:2:      layout_loops_corners, chequers_ecumenical_altar_simple
D:3:      layout_basic, minitemple, uniq_crazy_yiuf_cottage, uniq_natasha
D:4:      layout_basic, elyvilon_altar_3, minmay_temple_entry_statues_fountains,
          uniq_ijyb
D:5:      layout_basic, uniq_pikel, uniq_eustachio
Temple:   minmay_temple_forest_path

Skill      XL: |  1  2  3  4  5  6  7 |
---------------+----------------------+-----
Short Blades   | 2 3 |  3.7
Stealth        | 5 6 |  6.9
Hexes          | 5 6 7 |  7.7
Dodging        | 3 4 |  4.0
Fighting       | 1 2 |  2.2
Spellcasting   | 3 |  3.4

Action                   |  1- 3 |  4- 6 |  7- 9 || total
-------------------------+-------+-------+-------++-------
Melee: Dagger            |    65 |    71 |   111 ||   247
       Bite              |     3 |     5 |     7 ||    15
       Mace              |       |     3 |       ||     3
       Punch             |       |       |     2 ||     2
 Cast: Ensorcelled Hiber |     9 |    29 |    26 ||    64
       Confusing Touch   |       |       |     1 ||     1
 Abil: Exsanguinate      |     1 |       |       ||     1
 Stab: Sleeping          |    16 |    29 |    12 ||    57
       Distracted        |       |       |     1 ||     1
Armor: Robe              |     9 |     2 |    16 ||    27
Dodge: Dodged            |    41 |    43 |    68 ||   152

Table legend: (Time is in decaauts)
 A = Elapsed time spent in this place.
 B = Non-inter-level travel time spent in this place.
 C = Inter-level travel time spent in this place.
 D = Time resting spent in this place.
 E = Time spent auto-exploring this place.
 F = Levels seen in this place.
 G = Mean time per level.
                   A        B        C        D        E       F      G
               +--------+--------+--------+--------+--------+-----+--------+
         Total |   5124 |   4644 |    480 |     32 |   3738 |   6 |  854.0 |
       Dungeon |   4643 |   4223 |    420 |     32 |   3331 |   5 |  928.6 |
        Temple |    480 |    420 |     60 |      0 |    407 |   1 |  480.0 |
               +--------+--------+--------+--------+--------+-----+--------+

Top non-repeatable levels by time:
     D:3: 1316 daAuts
     D:2: 974 daAuts
     D:4: 929 daAuts
     D:1: 866 daAuts
     D:5: 557 daAuts
  Temple: 480 daAuts
